 Dungeon Crawl Stone Soup version 0.30-a0-643-g638baaf3f0 (webtiles) character file.

Game seed: 17585736331955356063

9281 kae the Transmogrifier (level 11, 0/84 HPs)
             Began as a Demonspawn Transmuter on Jan 16, 2023.
             Was a Follower of Ru.
             Slain by a two-headed ogre
             ... wielding a +0 giant club
              (17 damage)
             ... on level 10 of the Dungeon.
             The game lasted 00:15:55 (13054 turns).

kae the Transmogrifier (Demonspawn Transmuter)     Turns: 13054, Time: 00:15:55

Health: 0/84       AC:  8    Str: 14    XL:     11   Next: 21%
Magic:  31/31      EV: 10    Int: 16    God:    Ru [*.....]
Gold:   494        SH:  0    Dex: 13    Spells: 15/25 levels left

rFire   x . .      SeeInvis .      - Unarmed
rCold   + + +      Faith    .    (shield currently unavailable)
rNeg    . . .      Spirit   .    (body armour currently unavailable)
rPois   +          Reflect  .    (helmet currently unavailable)
rElec   .          Harm     .    (cloak currently unavailable)
rCorr   .          Rampage  .    (gloves currently unavailable)
Will    .....                    (boots currently unavailable)
Stlth   +                        (no amulet)
HPRegen 0.34/turn                W - ring of magical power
MPRegen 0.22/turn                P - ring of poison resistance

@: ice-form, wereblooded, unable to read
A: freezing attack, amphibious, boosted hp, large, (icy blue scales 2), foul
stench 3, powered by pain 2, inability to read after injury 2
a: End Transformation, Renounce Religion


You were on level 10 of the Dungeon.
You worshipped Ru.
Ru was aware of your devotion.
You were a creature of crystalline ice.
You visited 2 branches of the dungeon, and saw 11 of its levels.
You also visited: Bailey.

You collected 624 gold pieces.
You spent 130 gold pieces at shops.


Innate Abilities, Weirdness & Mutations

You are a creature of crystalline ice.
You have a powerful freezing melee attack.
You are amphibious.
Your maximum health is increased.
Your armour is entirely melded.
You are incapable of wielding weapons or throwing items.
((You are mostly covered in icy blue scales. (AC +3)))
You frequently emit foul miasma when damaged in melee.
You sometimes gain power by taking damage.
You sometimes lose the ability to read scrolls when taking damage.


   Skills:
 - Level 1.0 Fighting
 - Level 1.7 Dodging
 + Level 7.9 Unarmed Combat
 + Level 7.7 Spellcasting
 * Level 10.7 Transmutations
 - Level 6.0 Ice Magic
 - Level 1.8 Poison Magic


You had 15 spell levels left.
You knew the following spells:

 Your Spells              Type           Power      Damage    Failure   Level
a - Beastly Appendage     Tmut           80%        N/A       1%          1
b - Wereblood             Tmut           40%        N/A       1%          2
c - Spider Form           Tmut/Pois      26%        N/A       2%          3
d - Ice Form              Ice/Tmut       32%        N/A       3%          4

Your spell library contained the following spells:

 Spells                   Type           Power      Damage    Failure   Level
 Frozen Ramparts          Ice            50%        1d8       3%          3
 Ignite Poison            Fire/Tmut/Pois 19%        N/A       6%          3
 Foxfire                  Conj/Fire      24%        2x1d5     12%         1
 Magic Dart               Conj           24%        1d4       12%         1
 Blink                    Tloc           12%        N/A       17%         2
 Lesser Beckoning         Tloc           12%        N/A       17%         2
 Momentum Strike          Conj/Tloc      12%        3d8       17%         2
 Searing Ray              Conj           12%        2d4       17%         2
 Summon Ice Beast         Ice/Summ       15%        N/A       32%         4
 Gell's Gravitas          Tloc           6%         N/A       34%         3
 Teleport Other           Tloc           6%         N/A       34%         3
 Fulminant Prism          Conj/Hex       3%         3d5       75%         4
 Passage of Golubria      Tloc           6%         N/A       75%         4
 Sticky Flame             Conj/Fire      6%         2d3       75%         4
 Fireball                 Conj/Fire      3%         3d4       97%         5
 Silence                  Hex/Air        3%         N/A       97%         5
 Starburst                Conj/Fire      3%         6d3       100%        6
 Ignition                 Fire           3%         3d4       100%        8
 Lehudib's Crystal Spear  Conj/Erth      3%         10d2      100%        8

Inventory:

Missiles
 c - 105 stones
 n - 10 poisoned darts
 o - 2 throwing nets {=f!f}
 u - 6 boomerangs
 z - 4 curare-tipped darts {=f}
 D - 3 silver boomerangs
Armour
 a - a +1 robe (melded)
Magical Staves
 r - a staff of earth {!a}
   (You found it on level 3 of the Dungeon)
Jewellery
 A - an amulet of the acrobat
   (You found it on level 9 of the Dungeon)
 O - a +4 ring of protection
   (You found it on level 9 of the Dungeon)
 P - a ring of poison resistance (right front paw)
   (You found it on level 7 of the Dungeon)
 W - a ring of magical power (left front paw)
   (You found it on level 5 of the Dungeon)
 Y - a +4 ring of slaying
   (You found it on level 9 of the Dungeon)
Wands
 j - a wand of roots (16)
   (You found it on level 2 of the Dungeon)
 w - a wand of light (15)
   (You took it off an orc on level 5 of the Dungeon)
 y - a wand of charming (5)
   (You found it on level 5 of the Dungeon)
Scrolls
 d - 6 scrolls of teleportation {@r4}
 l - 8 scrolls of noise {!r}
 m - 2 scrolls of blinking {!r}
 q - 2 scrolls of brand weapon
 t - 2 scrolls of vulnerability {!r!r}
 x - 3 scrolls of fear
 C - a scroll of immolation {!r!r}
 E - a scroll of fog
 F - 3 scrolls of poison {!r}
 G - a scroll of enchant weapon
 J - 4 scrolls of identify {@r1}
 K - a scroll of amnesia {unknown}
Potions
 b - 5 potions of lignification {!q}
 e - 3 potions of flight
 f - 6 potions of curing {@q1}
 g - a potion of mutation {!q}
 h - a potion of brilliance
 i - a potion of attraction {!q}
 k - 3 potions of heal wounds {@q2}
 p - 4 potions of might
 s - 2 potions of degeneration {!q}
 v - a potion of ambrosia
 B - a potion of haste {unknown}
 H - a potion of invisibility {unknown}
 I - a potion of resistance

Dungeon Overview and Level Annotations

Branches:
Dungeon (10/15) Zot: 26110  Temple (1/1) D:7 Zot: 5800    Lair (0/5) D:8
 Bailey (visited)
    Orc: D:9-12

Altars:
Ashenzari
Cheibriados
Dithmenos
Fedhas
Gozag
Hepliaklqana
Kikubaaqudgha
Makhleb
Nemelex Xobeh
Okawaru
Qazlal
Ru
Sif Muna
Trog
Uskayaw
Vehumet
Wu Jian
Xom
Yredelemnul

Shops:
D:6 *   D:8 ( D:9

* ...# ...# ......
...# .... .... ....
.... ... #### ..# #.#
#O# #Y# #y#########
#######..........
........?..........
...........$.....$. .
#..#####.......... [
####..#####..........
.
.....................
.....................


You could see a two-headed ogre and a vampire mosquito.


Message History

The vampire mosquito closely misses you.
You are too injured to fight recklessly!
You are too injured to fight recklessly!
You punch the vampire mosquito! You freeze the vampire mosquito.
The vampire mosquito bites you.
You feel threatened and lose the ability to read scrolls!
The vampire mosquito draws strength from your injuries!
The vampire mosquito closely misses you. 😮 HP[-6]
You take 6 damage, and now have 43/84 hp.
You are too injured to fight recklessly!
You are too injured to fight recklessly!
You pummel the vampire mosquito!! You freeze the vampire mosquito.
You feel a bit better.
You destroy the vampire mosquito!
The vampire mosquito bites you!
* * * LOW HITPOINT WARNING * * *
The vampire mosquito draws strength from your injuries! 😨 HP[-8]
You take 8 damage, and now have 35/84 hp.
You pummel the vampire mosquito!! You freeze the vampire mosquito.
The vampire mosquito bites you.
* * * LOW HITPOINT WARNING * * *
The vampire mosquito draws strength from your injuries!
The vampire mosquito bites you but does no damage.
You are too injured to fight recklessly!
You are too injured to fight recklessly! 😨 HP[-4]
You take 4 damage, and now have 31/84 hp.
You barely miss the vampire mosquito. The vampire mosquito bites you.
* * * LOW HITPOINT WARNING * * *
The vampire mosquito draws strength from your injuries!
You emit a cloud of foul miasma! 😨 HP[-3] MP[+1]
You take 3 damage, and now have 28/84 hp.
You punch the vampire mosquito! You freeze the vampire mosquito.
The vampire mosquito barely misses you. The vampire mosquito bites you.
* * * LOW HITPOINT WARNING * * *
The vampire mosquito draws strength from your injuries!
Unknown command. 😨 HP[-4]
You take 4 damage, and now have 24/84 hp.
You closely miss the vampire mosquito. The vampire mosquito bites you.
* * * LOW HITPOINT WARNING * * *
The vampire mosquito draws strength from your injuries! 😨 HP[-1]
You take 1 damage, and now have 23/84 hp.
You punch the vampire mosquito! You freeze the vampire mosquito.
You feel a bit better.
You destroy the vampire mosquito!
The vampire mosquito bites you.
* * * LOW HITPOINT WARNING * * *
The vampire mosquito draws strength from your injuries! 😨 HP[+2]
You regained 2 hp, and now have 25/84 hp.
You hit the vampire mosquito. You freeze the vampire mosquito.
You howl as the wereblood boils in your veins!
You hear two shouts!
The vampire mosquito misses you.
The vampire mosquito completely misses you.
You punch the vampire mosquito! You freeze the vampire mosquito.
The vampire mosquito bites you.
* * * LOW HITPOINT WARNING * * *
The vampire mosquito draws strength from your injuries! 😨 HP[-2] MP[+1]
You take 2 damage, and now have 23/84 hp.
Your mp is fully restored (31).
You hit the vampire mosquito. You freeze the vampire mosquito.
The vampire mosquito bites you.
* * * LOW HITPOINT WARNING * * *
The vampire mosquito draws strength from your injuries!
The vampire mosquito bites you!
* * * LOW HITPOINT WARNING * * *
The vampire mosquito draws strength from your injuries! 😱 HP[-14]
You take 14 damage, and now have 9/84 hp.
You barely miss the vampire mosquito. The vampire mosquito bites you!
* * * LOW HITPOINT WARNING * * *
The vampire mosquito draws strength from your injuries!
A two-headed ogre comes into view.
It is wielding a +0 giant club and a +0 giant spiked club. 😱 HP[-7]
You take 7 damage, and now have 2/84 hp.
You feel much better.
You howl as the wereblood boils in your veins!
The vampire mosquito bites you.
* * * LOW HITPOINT WARNING * * *
The vampire mosquito draws strength from your injuries!
The vampire mosquito barely misses you. 😨 HP[+23]
You regained 23 hp, and now have 25/84 hp.
You barely miss the vampire mosquito.
The vampire mosquito bites you but does no damage.
The vampire mosquito bites you!
* * * LOW HITPOINT WARNING * * *
The vampire mosquito draws strength from your injuries! 😱 HP[-8]
You take 8 damage, and now have 17/84 hp.
You closely miss the vampire mosquito. The vampire mosquito barely misses you.
The two-headed ogre hits you with a +0 giant club!
You die...

Skill      XL: |  1  2  3  4  5  6  7  8  9 10 |
---------------+-------------------------------+-----
Transmutations | 2 3 4 5 6 8 10 | 10.7
Unarmed Combat | 3 4 5 6 7 |  7.9
Poison Magic   | 1 |  1.8
Spellcasting   | 3 4 6 7 |  7.7
Ice Magic      | 1 3 5 6 |  6.0
Fighting       | |  1.0
Dodging        | |  1.7

Action                   |  1- 3 |  4- 6 |  7- 9 | 10-12 || total
-------------------------+-------+-------+-------+-------++-------
Melee: Unarmed           |    84 |   170 |   335 |   235 ||   824
       Kick              |    22 |     8 |       |       ||    30
       Headbutt          |     8 |     4 |       |       ||    12
       Punch             |       |     1 |       |       ||     1
 Cast: Beastly Appendage |    22 |    14 |       |       ||    36
       Spider Form       |     2 |    19 |    12 |     1 ||    34
       Wereblood         |       |     2 |     8 |     7 ||    17
       Ice Form          |       |       |    26 |    24 ||    50
Invok: Sacrifice Words   |       |       |       |     1 ||     1
 Abil: End Transformatio |       |       |     1 |       ||     1
Evoke: Wand              |       |       |     2 |       ||     2
  Use: Scroll            |     7 |     7 |     8 |       ||    22
       Potion            |       |       |       |     3 ||     3
 Stab: Sleeping          |     2 |       |       |       ||     2
Armor: Robe              |    15 |    11 |     1 |       ||    27
       Skin              |     2 |     7 |    98 |    72 ||   179
Dodge: Dodged            |    39 |   103 |   226 |   107 ||   475

Levels and vault maps discovered:
D:1:      matt_arrival_refuge, layout_basic,
          dreamdust_ecumenical_altar_angels_and_demons
D:2:      layout_basic
D:3:      layout_loops_ring
D:4:      layout_cave_pools
D:5:      layout_basic, uniq_prince_ribbit1
D:6:      kennysheep_slugbush, layout_loops_corners,
          nicolae_shop_sticking_my_neck_out
D:7:      minmay_angry_zag, layout_basic, tso_altar,
          mainiacjoe_overflow_alcove_4, minmay_overflow_temple_star_quad,
          minmay_temple_entry_mist
D:8:      layout_rooms, david_lair_shrubbed, enter_bailey_4, serial_shops,
          nicolae_lakefront_shop
D:9:      layout_stronghold, kennysheep_mini_moat, grunt_gozag_breadcrumbs,
          serial_shops, nicolae_shop_hallway_plus, david_defended_altar_orc
D:10:     layout_small_grid
Temple:   nicolae_temple_bog_church

Notes
Turn   | Place    | Note
-------+----------+-------------------------------------------
     0 | D:1      | kae the Demonspawn Transmuter began the quest for the Orb.
     0 | D:1      | Reached XP level 1. HP: 15/15 MP: 3/3
     0 | D:1      | magus.rc [v1.11.3]
   151 | D:1      | Reached skill level 2 in Transmutations
   237 | D:1      | Gained mutation: You are partially covered in icy blue
                  | scales. (AC +2) [demonic ancestry]
   237 | D:1      | Reached XP level 2. HP: 21/21 MP: 3/5
   351 | D:1      | Found a faded altar of an unknown god.
   456 | D:1      | Reached skill level 3 in Unarmed Combat
   471 | D:1      | Reached XP level 3. HP: 26/26 MP: 4/6
   474 | D:1      | Learned a level 2 spell: Wereblood
   478 | D:1      | Learned a level 3 spell: Spider Form
  1274 | D:2      | Reached skill level 1 in Poison Magic
  1274 | D:2      | HP: 6/26 [poisoned by an adder]
  1494 | D:2      | Reached XP level 4. HP: 26/32 MP: 5/7
  1629 | D:2      | Reached skill level 3 in Transmutations
  1789 | D:2      | You pick up a book of Changes and begin reading...
  2137 | D:2      | You pick up a book of Displacement and begin reading...
  2137 | D:2      | You add the spells Lesser Beckoning, Gell's Gravitas and
                  | Teleport Other to your library.
  2470 | D:3      | Gained mutation: You may rarely emit foul miasma when
                  | damaged in melee. [demonic ancestry]
  2470 | D:3      | Reached XP level 5. HP: 11/37 MP: 5/9
  2470 | D:3      | HP: 9/37 [poisoned by an adder]
  2475 | D:3      | HP: 5/37 [poisoned by an adder]
  2933 | D:3      | Reached skill level 3 in Spellcasting
  3383 | D:3      | Learned a level 4 spell: Ice Form
  3532 | D:4      | Reached skill level 4 in Transmutations
  3532 | D:4      | Gained mutation: You sometimes gain a little power by
                  | taking damage. [demonic ancestry]
  3532 | D:4      | Reached XP level 6. HP: 25/43 MP: 5/10
  3645 | D:4      | Reached skill level 1 in Ice Magic
  4167 | D:4      | You add the spells Ignite Poison, Sticky Flame and Ignition
                  | to your library.
  4386 | D:5      | Entered Level 5 of the Dungeon
  4406 | D:5      | Gained mutation: You sometimes emit foul miasma when
                  | damaged in melee. [demonic ancestry]
  4406 | D:5      | Reached XP level 7. HP: 45/48 MP: 7/12
  4412 | D:5      | Reached skill level 2 in Ice Magic
  4458 | D:5      | Reached skill level 4 in Unarmed Combat
  4616 | D:5      | Noticed Prince Ribbit
  4738 | D:5      | Killed Prince Ribbit
  4739 | D:5      | Reached skill level 5 in Transmutations
  4944 | D:5      | Reached skill level 3 in Ice Magic
  4995 | D:5      | You pick up a book of the Moon and begin reading...
  4995 | D:5      | You add the spells Passage of Golubria, Silence and
                  | Lehudib's Crystal Spear to your library.
  5074 | D:5      | Reached skill level 4 in Spellcasting
  5193 | D:5      | Reached XP level 8. HP: 54/54 MP: 10/14
  5624 | D:6      | Reached skill level 4 in Ice Magic
  5850 | D:6      | Reached skill level 6 in Transmutations
  6360 | D:6      | Found Dutuob's Neck Hole.
  6716 | D:6      | You pick up a book of Spatial Translocations and begin
                  | reading...
  6716 | D:6      | You add the spells Blink and Momentum Strike to your
                  | library.
  6736 | D:6      | Reached skill level 5 in Unarmed Combat
  6815 | D:6      | Reached skill level 5 in Ice Magic
  7086 | D:7      | Noticed a kobold demonologist
  7116 | D:7      | Killed a kobold demonologist
  7117 | D:7      | Gained mutation: You sometimes gain power by taking damage.
                  | [demonic ancestry]
  7117 | D:7      | Reached XP level 9. HP: 53/59 MP: 16/16
  7123 | D:6      | Reached skill level 5 in Spellcasting
  7178 | D:7      | Reached skill level 7 in Transmutations
  7344 | D:7      | You pick up a book of Fire and begin reading...
  7344 | D:7      | You add the spells Foxfire, Fireball and Starburst to your
                  | library.
  7476 | D:7      | Found a radiant altar of Vehumet.
  7695 | D:7      | Reached skill level 6 in Ice Magic
  7804 | D:7      | Found a staircase to the Ecumenical Temple.
  7826 | Temple   | Entered the Ecumenical Temple
  8269 | D:7      | Found an iron altar of Okawaru.
  8287 | D:7      | Found a hazy altar of Hepliaklqana.
  8294 | D:7      | Found a sacrificial altar of Ru.
  8324 | D:7      | Became a worshipper of Ru the Awakened
  8381 | D:8      | You pick up a book of Rime and begin reading...
  8381 | D:8      | You add the spells Frozen Ramparts and Summon Ice Beast to
                  | your library.
  8426 | D:8      | Reached skill level 6 in Unarmed Combat
  8426 | D:8      | Reached skill level 8 in Transmutations
  8599 | D:8      | Identified the +11 mace "Subluph" {freeze, rPois rF++ rCorr
                  | Int-5}
  8669 | D:8      | Found a flagged portal.
  8710 | Bailey   | Entered a bailey
  8915 | Bailey   | Reached skill level 6 in Spellcasting
  9061 | Bailey   | Noticed an orc knight
  9061 | Bailey   | Noticed an orc knight
  9229 | Bailey   | Gained mutation: You are mostly covered in icy blue scales.
                  | (AC +3) [demonic ancestry]
  9229 | Bailey   | Reached XP level 10. HP: 61/65 MP: 19/19
  9381 | Bailey   | Identified the +0 leather armour of Idinecro {rCorr Stlth+}
  9634 | D:8      | Found Poruwud's Weapon Shop.
  9643 | D:8      | Gained mutation: You occasionally lose the ability to read
                  | scrolls when taking damage. [Ru sacrifice]
  9643 | D:8      | Gained mutation: You sometimes lose the ability to read
                  | scrolls when taking damage. [Ru sacrifice]
  9643 | D:8      | Reached * piety under Ru
  9650 | D:8      | You pick up a book of Conjurations and begin reading...
  9650 | D:8      | You add the spells Magic Dart, Searing Ray and Fulminant
                  | Prism to your library.
  9721 | D:8      | Found a staircase to the Lair.
 10067 | D:8      | Reached skill level 9 in Transmutations
 10471 | D:9      | Found a burning altar of Makhleb.
 10556 | D:9      | Reached skill level 7 in Unarmed Combat
 10714 | D:9      | Found an opulent altar of Gozag.
 10833 | D:9      | Reached skill level 7 in Spellcasting
 10960 | D:9      | Found Surisixa's General Store.
 10965 | D:9      | Bought 2 potions of heal wounds for 130 gold pieces
 11137 | D:9      | Reached skill level 10 in Transmutations
 11290 | D:9      | Found a bloodstained altar of Trog.
 11528 | D:9      | HP: 11/78 [centaur/arrow (11)]
 12154 | D:10     | Entered Level 10 of the Dungeon
 12513 | D:10     | Gained mutation: You frequently emit foul miasma when
                  | damaged in melee. [demonic ancestry]
 12513 | D:10     | Reached XP level 11. HP: 57/70 MP: 22/22
 13050 | D:10     | HP: 19/84 [vampire mosquito (4)]
 13050 | D:10     | HP: 9/84 [vampire mosquito (10)]
 13051 | D:10     | HP: 2/84 [vampire mosquito (7)]
 13051 | D:10     | Noticed a two-headed ogre
 13054 | D:10     | Slain by a two-headed ogre

Vanquished Creatures
  A komodo dragon (D:8)
  2 kobold demonologists
  A troll (D:9)
  Prince Ribbit (D:5)
  A shadow (D:10)
  2 wyverns
  A wraith (D:9)
  18 yaks
  3 vampire mosquitoes (D:10)
  An acid dragon (D:9)
  9 orc warriors
  An ice beast (D:8)
  2 black bears
  6 centaurs
  An ogre (D:6)
  2 phantoms
  5 kobold brigands
  3 necrophages
  A gnoll sergeant (D:10)
  2 bullfrogs
  2 scorpions
  6 killer bees (D:9)
  An electric eel (D:6)
  5 howler monkeys
  4 hounds
  6 jellies
  7 orc priests
  2 gnoll boudas
  An iguana (D:6)
  9 orc wizards
  18 gnolls
  9 adders
  A shadow imp (D:5)
  2 white imps
  5 worms
  11 dart slugs
  57 orcs
  5 ball pythons
  3 bats (D:2)
  8 endoplasms
  2 giant cockroaches (D:1)
  9 goblins
  8 hobgoblins
  6 jackals
  5 quokkas
  A frilled lizard (D:3)
  15 kobolds
  5 rats
276 creatures vanquished.

Vanquished Creatures (others)
  An orc warrior (Bailey)
  12 plants (D:8)
13 creatures vanquished.

Grand Total: 289 creatures vanquished

Table legend:
 A = Non-vault XP
 B = Vault XP
 C = Vault XP percentage of total XP
 D = Non-vault monster count
 E = Vault monster count
 F = Vault count percentage of total count
                 A         B        C        D         E       F
            +---------+---------+-------+---------+---------+-------
      Total |   11510 |    1749 |  13.2 |     238 |      38 |  13.8
            +---------+---------+-------+---------+---------+-------
        D:1 |      50 |       0 |   0.0 |      25 |       0 |   0.0
        D:2 |      88 |       0 |   0.0 |      20 |       0 |   0.0
        D:3 |     199 |       0 |   0.0 |      19 |       0 |   0.0
        D:4 |     387 |       0 |   0.0 |      16 |       0 |   0.0
        D:5 |     765 |     259 |  25.3 |      31 |       1 |   3.1
        D:6 |     933 |      28 |   2.9 |      22 |       7 |  24.1
        D:7 |    1274 |     260 |  16.9 |      32 |       2 |   5.9
        D:8 |    1799 |     382 |  17.5 |      18 |       6 |  25.0
        D:9 |    3025 |     123 |   3.9 |      32 |       3 |   8.6
       D:10 |    2990 |       0 |   0.0 |      23 |       0 |   0.0
     Bailey |       0 |     697 | 100.0 |       0 |      19 | 100.0
            +---------+---------+-------+---------+---------+-------

Illustrated notes

Table legend:
 A = Kills in this place as a percentage of kills in entire the game.
 B = Kills by you in this place as a percentage of kills by you in the entire game.
 C = Kills by friends in this place as a percentage of kills by friends in the entire game.
 D = Other kills in this place as a percentage of other kills in the entire game.
 E = Experience gained in this place as a percentage of experience gained in the entire game.
 F = Experience gained in this place divided by the number of levels of this place that you have seen.
                   A       B       C       D       E      F
               +-------+-------+-------+-------+-------+----------------------
         Total | 100.0 | 100.0 |   N/A |   N/A | 100.0 | 1104.9
       Dungeon |  93.1 |  93.1 |   N/A |   N/A |  94.7 | 1256.2
        Bailey |   6.9 |   6.9 |   N/A |   N/A |   5.3 | 697.0
               +-------+-------+-------+-------+-------+----------------------

Table legend: (Time is in decaauts)
 A = Elapsed time spent in this place.
 B = Non-inter-level travel time spent in this place.
 C = Inter-level travel time spent in this place.
 D = Time resting spent in this place.
 E = Time spent auto-exploring this place.
 F = Levels seen in this place.
 G = Mean time per level.
                   A        B        C        D        E       F      G
               +--------+--------+--------+--------+--------+-----+--------+
         Total |  13006 |  12473 |    533 |    891 |   9194 |  12 | 1083.8 |
       Dungeon |  12085 |  11569 |    516 |    734 |   8908 |  10 | 1208.5 |
        Temple |    199 |    183 |     16 |      0 |    173 |   1 |  199.0 |
        Bailey |    721 |    721 |      0 |    157 |    113 |   1 |  721.0 |
               +--------+--------+--------+--------+--------+-----+--------+

Top non-repeatable levels by time:
     D:9: 1892 daAuts
     D:6: 1394 daAuts
     D:2: 1336 daAuts
     D:5: 1317 daAuts
     D:8: 1271 daAuts
     D:3: 1175 daAuts
     D:4: 1066 daAuts
     D:7: 964 daAuts
     D:1: 898 daAuts
    D:10: 769 daAuts
  Bailey: 721 daAuts
  Temple: 199 daAuts
